 Dungeon Crawl Stone Soup version 0.27-a0-1090-gb115f176c6 (webtiles) character file.

Game seed: 13890893692636043216

316 voltaire321 the Sneak (level 6, -3/36 HPs)
             Began as a Kobold Summoner on Apr 27, 2021.
             Killed from afar by an orc wizard (9 damage)
             ... with a puff of flame
             ... on level 4 of the Dungeon.
             The game lasted 00:18:06 (5895 turns).

voltaire321 the Sneak (Kobold Summoner)             Turns: 5895, Time: 00:18:07

Health: -3/36      AC:  3    Str:  6    XL:     6   Next: 73%
Magic:  4/11       EV: 16    Int: 18    God:
Gold:   171        SH:  0    Dex: 15    Spells: 5/11 levels left

rFire    . . .     SeeInvis +   i - +3 whip
rCold    . . .     Faith    .   (shield restricted)
rNeg     . . .     Spirit   .   a - +0 robe
rPois    .         Reflect  .   n - +0 helmet
rElec    .         Harm     .   (no cloak)
rCorr    .         Rampage  .   (no gloves)
Will     .....                  (no boots)
Stlth    ++++......             (no amulet)
HPRegen  0.12/turn              m - ring of see invisible
MPRegen  0.12/turn              (no ring)

@: no status effects
A: small, no large weapons, nightstalker 3
a: no special abilities


You were on level 4 of the Dungeon.
You visited 1 branch of the dungeon, and saw 4 of its levels.

You collected 171 gold pieces.

Inventory:

Hand Weapons
 i - a +3 whip (weapon)
Missiles
 c - 27 poisoned darts (quivered)
Armour
 a - a +0 robe (worn)
 n - a +0 helmet (worn)
Magical Staves
 s - a staff of poison
Jewellery
 m - a ring of see invisible (left hand)
Scrolls
 b - 2 scrolls of immolation {unknown}
 d - 2 scrolls of identify {unknown}
 e - a scroll of amnesia {unknown}
 f - a scroll of magic mapping {unknown}
 g - a scroll of fog {unknown}
 h - a scroll of silence {unknown}
 o - 2 scrolls of teleportation {unknown}
Potions
 j - a potion of curing {unknown}
 k - a potion of haste {unknown}
 l - a potion of flight {unknown}
 p - a potion of attraction {unknown}
 q - 2 potions of might {unknown}
 r - a potion of invisibility {unknown}
 t - a potion of lignification {unknown}


   Skills:
 + Level 2.7 Fighting
 + Level 4.0 Dodging
 + Level 5.0 Stealth
 + Level 3.4 Spellcasting
 + Level 4.9 Summonings


You had 5 spell levels left.
You knew the following spells:

 Your Spells              Type           Power      Damage    Failure   Level
a - Call Imp              Summ           20%        N/A       3%          2
b - Summon Small Mammal   Summ           80%        N/A       1%          1
c - Call Canine Familiar  Summ           20%        N/A       6%          3

Your spell library contained the following spells:

 Spells                   Type           Power      Damage    Failure   Level
 Animate Skeleton         Necr           6%         N/A       16%         1
 Apportation              Tloc           6%         N/A       16%         1
 Corona                   Hex            3%         N/A       16%         1
 Summon Guardian Golem    Hex/Summ       12%        N/A       17%         3
 Confusing Touch          Hex            3%         N/A       43%         3
 Gell's Gravitas          Tloc           1%         N/A       43%         3
 Summon Ice Beast         Ice/Summ       12%        N/A       50%         4
 Summon Lightning Spire   Summ/Air       12%        N/A       50%         4
 Petrify                  Tmut/Erth      3%         N/A       83%         4
 Metabolic Englaciation   Hex/Ice        1%         N/A       99%         5
 Yara's Violent Unravell  Hex/Tmut       1%         3d3       99%         5


Dungeon Overview and Level Annotations

Branches:
Dungeon (4/15)
 Temple: D:4-7

Altars:


Innate Abilities, Weirdness & Mutations

You are small and have problems with some larger weapons.
You are completely attuned to the shadows.


Message History

Casting: Call Imp (safe; 3% risk of failure)
Confirm with . or Enter, or press ? or * to list all spells.
A beastly little devil appears in a puff of flame.
Your shadow imp misses the orc wizard.
The orc wizard hits you with a +0 dagger.
The orc wizard casts a spell at you. The puff of flame hits you.
Casting: Call Imp (safe; 3% risk of failure)
Confirm with . or Enter, or press ? or * to list all spells.
A beastly little devil appears in a puff of flame.
Your crimson imp disappears in a puff of smoke!
Your shadow imp barely misses the orc wizard.
The orc wizard gestures at you while chanting.
The magic dart hits you.
The orc wizard points at you and mumbles some strange words.
The magic dart hits you!
* * * LOW HITPOINT WARNING * * *
Your crimson imp completely misses the orc wizard.
Your crimson imp barely misses the orc wizard.
You hit the orc wizard.
The orc wizard is lightly wounded.
Your crimson imp disappears in a puff of smoke!
Your shadow imp hits the orc wizard.
The orc wizard gestures at you while chanting.
The magic dart hits you.
* * * LOW HITPOINT WARNING * * *
The orc wizard misses you.
Your crimson imp closely misses the orc wizard.
The ogre barely misses your shadow imp.
Your shadow imp gestures at the orc wizard.
The orc wizard writhes in agony!
The orc wizard dies!
Your crimson imp closely misses the orc wizard.
Your crimson imp hits the orc wizard.
Your Stealth skill increases to level 5!
Your crimson imp closely misses the orc wizard.
Your shadow imp hits the orc wizard but does no damage.
The orc wizard gestures at you while chanting.
The puff of flame hits you!
You die...

..#######....##
........# ..#
#....# ...... ..#
#.#### ...(.# ###
#.# #§§§##
#.#########§(...
#.........O).#
#..#######55)#
##..# #####o5.####
#...###..@....)..#
#.......###......#
#...#### #....#...
###.#######...#####
#...............
###########.####
#.# #.# #.#


You could see an orc wizard (ally target), a friendly crimson imp (summoned) and
a friendly shadow imp (summoned).

Vanquished Creatures
  A scorpion (D:4)
  An orc priest (D:4)
  2 adders (D:2)
  A gnoll (D:3)
  A shadow imp (D:4)
  2 worms (D:2)
  A dart slug (D:2)
  4 orcs
  2 ball pythons (D:2)
  3 endoplasms
  4 giant cockroaches
  3 goblins
  A hobgoblin (D:3)
  2 quokkas
  A bat (D:3)
  A frilled lizard (D:3)
  3 kobolds
  4 rats
37 creatures vanquished.

Vanquished Creatures (collateral kills)
  An ogre (D:4)
  2 orc priests (D:4)
  A bullfrog skeleton (D:4)
  An iguana (D:3)
  An orc wizard (D:4)
  3 gnolls (D:3)
  2 adders
  A dart slug (D:4)
  8 orcs (D:4)
  An endoplasm (D:4)
  2 ball pythons (D:3)
  2 bats (D:1)
  A kobold (D:2)
  3 rats (D:1)
29 creatures vanquished.

Vanquished Creatures (others)
  8 plants (D:2)
8 creatures vanquished.

Grand Total: 74 creatures vanquished

Notes
Turn   | Place    | Note
-------+----------+-------------------------------------------
     0 | D:1      | voltaire321 the Kobold Summoner began the quest for the
                  | Orb.
     0 | D:1      | Reached XP level 1. HP: 10/10 MP: 3/3
  1053 | D:1      | Reached XP level 2. HP: 16/16 MP: 1/5
  1177 | D:1      | Learned a level 2 spell: Call Imp
  1225 | D:2      | Reached skill level 3 in Stealth
  1716 | D:2      | Reached XP level 3. HP: 20/20 MP: 1/6
  1764 | D:2      | Found a faded altar of an unknown god.
  1786 | D:2      | Reached skill level 1 in Fighting
  2247 | D:2      | Reached XP level 4. HP: 18/25 MP: 1/7
  2723 | D:3      | Learned a level 3 spell: Call Canine Familiar
  3599 | D:3      | HP: 1/25 [iguana (13)]
  4092 | D:3      | Reached XP level 5. HP: 30/30 MP: 6/9
  4549 | D:4      | Reached skill level 4 in Stealth
  4949 | D:4      | Reached XP level 6. HP: 25/35 MP: 8/10
  5077 | D:4      | Noticed an ogre
  5113 | D:4      | Killed an ogre
  5511 | D:4      | Noticed an ogre
  5894 | D:4      | Reached skill level 5 in Stealth
  5895 | D:4      | Killed from afar by an orc wizard

Illustrated notes

Levels and vault maps discovered:
D:1:      dpeg_chamrin_arrival_tetris, layout_basic
D:2:      cheibrodos_old_hovel, layout_basic,
          ebering_ecumenical_altar_sacrificial
D:3:      layout_loops_corners
D:4:      layout_loops_corners, hangedman_abyss_or_decor_jellyfish_corner

Skill      XL: |  1  2  3  4  5  6 |
---------------+-------------------+-----
Stealth        | 3 4 5 |  5.0
Fighting       | 1 2 |  2.7
Dodging        | 3 4 |  4.0
Spellcasting   | 3 |  3.4
Summonings     | |  4.9

Action                   |  1- 3 |  4- 6 || total
-------------------------+-------+-------++-------
Melee: Unarmed           |    36 |       ||    36
       Trident           |     3 |       ||     3
       Whip              |    37 |    94 ||   131
Throw: Dart              |       |    10 ||    10
 Cast: Summon Small Mamm |    12 |       ||    12
       Call Imp          |    15 |    48 ||    63
 Stab: Sleeping          |     4 |    11 ||    15
       Distracted        |     1 |     2 ||     3
Armor: Robe              |     6 |    11 ||    17
Dodge: Dodged            |    64 |    59 ||   123

Table legend: (Time is in decaauts)
 A = Elapsed time spent in this place.
 B = Non-inter-level travel time spent in this place.
 C = Inter-level travel time spent in this place.
 D = Time resting spent in this place.
 E = Time spent auto-exploring this place.
 F = Levels seen in this place.
 G = Mean time per level.
                   A        B        C        D        E       F      G
               +--------+--------+--------+--------+--------+-----+--------+
         Total |   5907 |   5782 |    125 |   1191 |   3705 |   4 | 1476.8 |
       Dungeon |   5907 |   5782 |    125 |   1191 |   3705 |   4 | 1476.8 |
               +--------+--------+--------+--------+--------+-----+--------+

Top non-repeatable levels by time:
     D:3: 1917 daAuts
     D:2: 1489 daAuts
     D:4: 1280 daAuts
     D:1: 1220 daAuts
